 Dungeon Crawl Stone Soup version 0.25.1-2-g60ff931df9 (webtiles) character file.

Game seed: 17383055681511339570

62670 hawla the Basher (level 14, -9/141 HPs)
             Began as a Minotaur Gladiator on Nov 7, 2020.
             Was an Initiate of Gozag.
             Killed from afar by an orc sorcerer (10 damage)
             ... with a bolt of negative energy
             ... on level 2 of the Orcish Mines.
             The game lasted 00:55:35 (20803 turns).

hawla the Basher (Minotaur Gladiator)              Turns: 20803, Time: 00:55:36

Health: -9/141     AC: 18    Str: 24    XL:     14   Next: 65%
Magic:  13/13      EV: 20    Int: -1 (5) God:    Gozag
Gold:   2286       SH:  5    Dex: 18    Spells: 13/13 levels left

rFire    + . .     SeeInvis +   Q - +0 great sword
rCold    + . .     Gourm    .   (shield currently unavailable)
rNeg     + . .     Faith    .   b - +2 scale mail {rN+}
rPois    +         Spirit   .   c - +1 hat
rElec    +         Reflect  +   C - +2 cloak
rCorr    +         Harm     .   D - +0 pair of gloves
MR       +....                  M - +2 pair of boots
Stlth    +.........             J - amulet of reflection
HPRegen  0.33/turn              s - ring of see invisible
MPRegen  0.13/turn              g - +6 ring of dexterity

@: mighty, resistant, gold aura, slowed, lost intelligence, studying
Spellcasting, lightly drained, very slow
A: retaliatory headbutt, horns 2, deformed body, robust 1
a: Potion Petition, Call Merchant, Bribe Branch, Renounce Religion


You were on level 2 of the Orcish Mines.
You worshipped Gozag.
Gozag was most pleased with you.
You were full.

You visited 3 branches of the dungeon, and saw 18 of its levels.

You collected 4086 gold pieces.
You spent 1718 gold pieces at shops.
You paid 82 gold pieces to Gozag.

Inventory:

Hand Weapons
 B - the +8 whip "Snakebite" {curare, rPois}
   (You found it on level 5 of the Dungeon)

   It poisons the flesh of those it strikes.
   It protects you from poison.
 H - the +9 dire flail of the Gnat {holy, Str+9}
   (You bought it in a shop on level 11 of the Dungeon)

   It has been blessed by the Shining One to cause great damage to the undead
   and demons.
   It affects your strength (+9).
 O - a +3 scimitar of flaming
 Q - a +0 great sword (weapon)
Missiles
 h - 14 boomerangs (quivered)
 j - 2 curare-tipped darts
 v - 58 poisoned darts
Armour
 b - a +2 scale mail of positive energy (worn)
 c - a +1 hat (worn)
 C - a +2 cloak (worn)
 D - a +0 pair of gloves (worn)
 M - a +2 pair of boots (worn)
Jewellery
 d - an uncursed ring of ice
 g - a +6 ring of dexterity (right hand)
 i - an uncursed ring of positive energy
 o - an uncursed ring of protection from cold
 s - a ring of see invisible (left hand)
 u - an uncursed ring of protection from magic
 w - an uncursed ring of protection from fire
 J - an amulet of reflection (around neck)
 S - a +6 ring of dexterity
Wands
 t - a wand of clouds (6)
 A - a wand of flame (64)
 F - a wand of random effects (31)
Scrolls
 k - 2 scrolls of enchant armour
 n - 4 scrolls of remove curse
 r - a scroll of blinking
 y - 6 scrolls of teleportation
 E - 6 scrolls of identify
 N - a scroll of fear
 P - a scroll of enchant weapon
Potions
 e - 6 potions of might
 l - 2 potions of brilliance
 q - 2 potions of curing
 x - 3 potions of haste
 z - 2 potions of magic {unknown}
 G - 4 potions of stabbing
Books
 T - a manual of Spellcasting
Miscellaneous
 L - a box of beasts
Comestibles
 f - 8 rations


   Skills:
 + Level 13.5(12.9) Fighting
   Level 2.1(5.7) Short Blades
 + Level 9.9(9.6) Long Blades
 + Level 14.5(13.9) Maces & Flails
 + Level 6.7(6.3) Throwing
 + Level 12.9(12.4) Armour
 * Level 14.0(13.5) Dodging
 - Level 2.7(2.2) Stealth


You had 13 spell levels left.
You didn't know any spells.
Your spell library was empty.

Dungeon Overview and Level Annotations

Branches:
Dungeon (15/15)            Temple (1/1) D:6            Lair (0/6) D:10
    Orc (2/2) D:11            Elf (0/3) Orc:2        Vaults (0/5) D:13
 Depths (0/5) D:15

Altars:
Ashenzari
Cheibriados
Dithmenos
Elyvilon
Fedhas
Gozag
Hepliaklqana
Kikubaaqudgha
Nemelex Xobeh
Okawaru
Qazlal
Ru
Sif Muna
Uskayaw
Wu Jian
The Shining One
Beogh

Shops:
D:4 *(   D:5 [   D:6 !   D:7 [   D:11 *   D:13 *%((*

Portals:
Bazaar: D:11


Innate Abilities, Weirdness & Mutations

You reflexively headbutt those who attack you in melee.
You have a pair of horns on your head.
Armour fits poorly on your strangely shaped body.
You are robust. (+10% HP)


Message History

The sun demon is no longer distracted by gold.
The soul eater is no longer distracted by gold.
The orc wizard is no longer distracted by gold.
The sun demon hits you.
* * * LOW HITPOINT WARNING * * *
You are engulfed in flames.
You resist.
* * * LOW HITPOINT WARNING * * *
The orc knight roars a battlecry!
You feel better.
The orc wizard is no longer moving quickly.
The orc knight roars a battlecry!
The soul eater hits you.
* * * LOW HITPOINT WARNING * * *
You partially resist.
You feel drained.
The orc sorcerer points at you and mumbles some strange words.
The bolt of negative energy hits the soul eater.
The soul eater completely resists.
The bolt of negative energy hits you! You partially resist.
You feel drained.
You die...
Your body crumbles into a pile of gold.

*,,,***,,* *** **,,**,,,,,**
**,,,,,,####.# *.,**,,,,,,,**
*,,,#####....###.**,,,**,*,∩*
**,,#........##..**,,**,,*,,**
*,,.........##.#*,,,*,,,,*,∩*
*,,.........##.#*,,,,,,,.*,,*
**,#........##.#*,,oooo..,*,*
*,,......$..##3#####.oo..,*,*
**,,.........@3oooooo.o(o.,,,*
*$,,.........##o#####ooo.o,*,*
**,,.........##.#*,,oo§oo.,*,*
**,,.........##.#*,,,,,,,.*,,*
*,,,.........##.#*,,,*,,,,*,∩*
**,,.........##..**,,**,,*,,**
*,,$..$......###.**,,,**,*,∩*
**,,.........# *.,**,,,,,,,**
**,,.........# **,,**,,,,,**


You could see 3 orc knights, a soul eater (summoned), an orc high priest
(strong), a sun demon (summoned), an orc sorcerer (strong), an orc warrior
(strong) and an orc wizard (strong).

Vanquished Creatures
  Rupert (D:13)
  Frances (D:14)
  A frost giant (D:15)
  Nessos (D:14)
  Snorg (D:14)
  4 vault guards (D:13)
  3 ogre magi (D:15)
  The ghost of bafafo the Cleaver, a journeyman DsBe of Trog (D:12)
  Erolcha (Orc:2)
  4 centaur warriors (D:15)
  14 two-headed ogres
  3 tengu warriors
  2 orc high priests (Orc:2)
  A skeletal warrior (D:13)
  2 unseen horrors
  2 wizards
  2 orc knights (Orc:2)
  An obsidian statue (D:11)
  3 orc sorcerers (Orc:2)
  3 ugly things (D:15)
  The ghost of Cheops the Cleaver, a novice DsGl of Uskayaw (D:7)
  4 cyclopes
  A deep elf mage (D:12)
  3 manticores
  6 gargoyles
  3 freezing wraiths
  A komodo dragon (D:10)
  8 yaktaurs
  An efreet (D:14)
  The ghost of Morgon the Chucker, an amateur OgHu (D:5)
  5 trolls
  The ghost of barney the Changer, an amateur DrTm (D:4)
  5 slime creatures (D:15)
  7 hippogriffs
  A meliai zombie (D:14)
  A hippogriff (shapeshifter) (D:13)
  A shadow (D:13)
  3 wraiths
  A wyvern (D:14)
  A spriggan (D:9)
  6 yaks
  Eustachio (D:6)
  A vampire (D:7)
  3 basilisks
  2 humans (D:9)
  2 hungry ghosts
  A golden eye (shapeshifter) (D:15)
  4 neqoxecs (D:12)
  A warg (Orc:2)
  A soldier ant (D:13)
  3 acid dragons
  A water moccasin (D:13)
  2 porcupines (D:10)
  2 hornet zombies
  3 sky beasts
  5 phantoms
  12 orc warriors
  3 black bears
  An eye of draining (D:12)
  3 boggarts (D:15)
  16 ogres
  A necrophage (D:6)
  2 wolves (D:10)
  4 centaurs
  2 crocodiles
  9 bullfrogs
  A wyvern skeleton (D:13)
  5 scorpions
  20 killer bees
  A vampire bat (D:6)
  6 wights
  5 howler monkeys
  2 bullfrog zombies
  8 crimson imps
  4 centaur zombies
  3 hounds
  15 orc priests
  A jelly (D:15)
  2 bullfrog skeletons
  10 centaur skeletons
  24 orc wizards
  5 quasits
  A gnoll shaman (D:4)
  Crazy Yiuf (D:7)
  2 iguanas
  10 worker ants
  A bullfrog simulacrum (D:7)
  5 gnolls (D:4)
  5 adders
  6 shadow imps
  3 oozes
  An adder zombie (D:9)
  A worm (D:3)
  2 dart slugs
  5 leopard geckos
  87 orcs
  12 bats
  7 giant cockroaches
  12 goblins
  8 hobgoblins
  10 jackals
  2 quokkas
  2 ball pythons (D:2)
  6 frilled lizards
  7 kobolds
  A leopard gecko zombie (D:7)
  3 rats
509 creatures vanquished.

Vanquished Creatures (collateral kills)
  A two-headed ogre (D:13)
1 creature vanquished.

Vanquished Creatures (others)
  2 fungi (D:10)
  8 plants (D:10)
10 creatures vanquished.

Grand Total: 520 creatures vanquished

Notes
Turn   | Place    | Note
-------+----------+-------------------------------------------
     0 | D:1      | hawla the Minotaur Gladiator began the quest for the Orb.
     0 | D:1      | Reached XP level 1. HP: 18/18 MP: 0/0
   245 | D:1      | Reached XP level 2. HP: 13/25 MP: 1/1
   823 | D:1      | Reached XP level 3. HP: 30/30 MP: 2/2
  1095 | D:2      | Reached skill level 1 in Armour
  1095 | D:2      | Reached XP level 4. HP: 36/38 MP: 3/3
  2125 | D:3      | Found a shattered altar of Ashenzari.
  2160 | D:3      | Found a glowing golden altar of the Shining One.
  2169 | D:3      | Found a blossoming altar of Fedhas.
  2195 | D:3      | Reached XP level 5. HP: 45/45 MP: 4/4
  2563 | D:4      | Found Jefobb's General Store.
  2566 | D:4      | Found a transporter.
  2574 | D:4      | Noticed barney's ghost (amateur DrTm)
  2585 | D:4      | Noticed a phantom
  2601 | D:4      | Killed a phantom
  2601 | D:4      | Reached skill level 1 in Short Blades
  2601 | D:4      | Reached skill level 5 in Long Blades
  2601 | D:4      | Reached skill level 5 in Dodging
  2747 | D:4      | Found Pipsimeq's Weapon Boutique.
  2802 | D:4      | Reached XP level 6. HP: 50/51 MP: 5/5
  3256 | D:4      | Found a stormy altar of Qazlal.
  3371 | D:4      | Found a transporter.
  3701 | D:5      | Entered Level 5 of the Dungeon
  3762 | D:5      | Found Caseg's Antique Armour Shop.
  3770 | D:5      | Reached XP level 7. HP: 49/59 MP: 6/6
  3938 | D:5      | Found a large runed translucent door.
  3938 | D:5      | Found a large runed translucent door.
  3945 | D:5      | Noticed Morgon's ghost (amateur OgHu)
  4034 | D:5      | Found a sacrificial altar of Ru.
  4176 | D:5      | Reached skill level 1 in Stealth
  4522 | D:5      | Found a shattered altar of Ashenzari.
  4544 | D:5      | Identified the +2 robe of Negligence {Dex+2}
  4555 | D:5      | Reached XP level 8. HP: 26/67 MP: 7/7
  4779 | D:5      | Found a hazy altar of Hepliaklqana.
  5012 | D:5      | Reached skill level 5 in Fighting
  5203 | D:5      | Found the +8 whip "Snakebite" {curare, rPois}
  5526 | D:6      | Found a staircase to the Ecumenical Temple.
  5541 | Temple   | Entered the Ecumenical Temple
  5545 | Temple   | Became a worshipper of Gozag Ym Sagoz the Greedy
  5559 | D:6      | Reached skill level 1 in Maces & Flails
  6015 | D:6      | Found Hicrim's Distillery.
  6018 | D:6      | Bought a potion of degeneration for 12 gold pieces
  6031 | D:6      | Noticed Eustachio
  6046 | D:6      | Killed Eustachio
  6076 | D:6      | Reached skill level 5 in Armour
  6223 | D:6      | Reached XP level 9. HP: 75/75 MP: 8/8
  6482 | D:7      | Found Cuizyo's Antique Armour Shop.
  6489 | D:7      | Bought a pair of gloves for 148 gold pieces
  6535 | D:7      | Noticed Cheops's ghost (novice DsGl)
  6538 | D:7      | Found a transporter.
  6545 | D:7      | Found a transporter.
  6710 | D:7      | Found a runed translucent door.
  6711 | D:7      | Noticed Crazy Yiuf
  7088 | D:7      | Found an ancient bone altar of Kikubaaqudgha.
  7279 | D:7      | Killed Crazy Yiuf
  7428 | D:8      | Reached skill level 5 in Maces & Flails
  8110 | D:8      | Found a shadowy altar of Dithmenos.
  8147 | D:8      | Found a roughly hewn altar of Beogh.
  8797 | D:7      | Bought a pair of boots for 148 gold pieces
  8859 | D:9      | Noticed a two-headed ogre
  8870 | D:9      | Killed a two-headed ogre
  8870 | D:9      | Reached XP level 10. HP: 68/86 MP: 9/9
  9285 | D:9      | Found an iron altar of Okawaru.
  9490 | D:10     | Entered Level 10 of the Dungeon
 10045 | D:10     | Found a staircase to the Lair.
 10129 | D:10     | Reached skill level 10 in Dodging
 10149 | D:10     | Reached XP level 11. HP: 24/94 MP: 10/10
 10676 | D:7      | Bought an ancient plate armour for 924 gold pieces
 10686 | D:7      | Identified the +3 plate armour "Kah Qeap" {rF- Int+8 Dex+2
                  | SInv} (You bought it in a shop on level 7 of the Dungeon)
 10918 | D:11     | Noticed a two-headed ogre
 10928 | D:11     | Killed a two-headed ogre
 10981 | D:11     | Found Irapijas's Assorted Antiques.
 10992 | D:11     | Bought a translucent dire flail for 207 gold pieces
 10992 | D:11     | Identified the +9 dire flail of the Gnat {holy, Str+9} (You
                  | bought it in a shop on level 11 of the Dungeon)
 11246 | D:11     | Found a stormy altar of Qazlal.
 11415 | D:11     | Found a staircase to the Orcish Mines.
 11557 | D:11     | Noticed an obsidian statue
 11559 | D:11     | Found a gateway to a bazaar.
 11875 | D:11     | Killed an obsidian statue
 11875 | D:11     | Reached skill level 10 in Maces & Flails
 12398 | D:12     | Found a transporter.
 12401 | D:12     | Noticed bafafo's ghost (journeyman DsBe)
 12573 | D:12     | Found a sparkling altar of Nemelex Xobeh.
 12592 | D:12     | Found a transporter.
 12759 | D:12     | Noticed a deep elf mage
 12761 | D:12     | Killed a deep elf mage
 12983 | D:12     | You fall into a shaft and drop 3 floors!
 12983 | D:15     | Entered Level 15 of the Dungeon
 12991 | D:15     | Found a staircase to the Depths.
 12991 | D:15     | Noticed a frost giant
 13004 | D:15     | Killed a frost giant
 13004 | D:15     | Reached skill level 10 in Fighting
 13004 | D:15     | Reached XP level 12. HP: 84/106 MP: 11/11
 13090 | D:15     | Noticed a centaur warrior
 13094 | D:15     | Killed a centaur warrior
 13656 | D:13     | Found Esigid's General Store.
 13656 | D:13     | Noticed a two-headed ogre
 13663 | D:13     | Killed a two-headed ogre
 13698 | D:13     | Noticed a tengu warrior
 13702 | D:13     | Noticed a tengu warrior
 13711 | D:13     | Killed a tengu warrior
 13711 | D:13     | Reached skill level 5 in Throwing
 13711 | D:13     | Reached skill level 10 in Armour
 13736 | D:13     | Killed a tengu warrior
 14040 | D:13     | Found Pocuohoni's Antique Weapon Boutique.
 14114 | D:13     | Found Joeguchi's Food Boutique.
 14208 | D:13     | Found Tutz's Antique Weapon Emporium.
 14243 | D:13     | Noticed Rupert
 14264 | D:13     | Killed Rupert
 14306 | D:13     | Found Vybuifah's General Store.
 14334 | D:13     | Found a gate to the Vaults.
 14334 | D:13     | Noticed a vault guard
 14334 | D:13     | Noticed a vault guard
 14334 | D:13     | Noticed a vault guard
 14336 | D:13     | Noticed a vault guard
 14372 | D:13     | Killed a vault guard
 14379 | D:13     | Killed a vault guard
 14379 | D:13     | Reached XP level 13. HP: 73/116 MP: 12/12
 15462 | D:13     | Bought a masterwork rapier for 279 gold pieces
 15462 | D:13     | Identified the +4 rapier of Hurcheg {holy, Dex+2} (You
                  | bought it in a shop on level 13 of the Dungeon)
 15494 | D:14     | Noticed Nessos
 15919 | D:14     | Killed Nessos
 16176 | D:14     | Noticed Frances
 16193 | D:14     | Killed Frances
 16487 | D:14     | Found a shimmering blue altar of Sif Muna.
 16661 | D:14     | Noticed Snorg
 16687 | D:14     | Killed Snorg
 17754 | D:15     | Paralysed by an ogre mage for 5 turns
 18082 | D:15     | Reached XP level 14. HP: 127/127 MP: 13/13
 18088 | D:15     | Found a white marble altar of Elyvilon.
 19918 | D:5      | Killed Morgon's ghost
 19970 | D:4      | Killed barney's ghost
 20094 | D:7      | Killed Cheops's ghost
 20301 | D:12     | Gained mutation: Your muscles are strong. (Str +2) [a
                  | neqoxec]
 20303 | D:12     | Lost intelligence.
 20306 | D:12     | Gained mutation: Your body sometimes deteriorates upon
                  | taking damage. [a neqoxec]
 20316 | D:12     | Killed bafafo's ghost
 20472 | Orc:1    | Entered Level 1 of the Orcish Mines
 20565 | Orc:2    | Entered Level 2 of the Orcish Mines
 20609 | Orc:2    | HP: 4/129 [orc warrior/+2 battleaxe of electrocution (17)]
 20626 | Orc:2    | Noticed Erolcha
 20636 | Orc:2    | Killed Erolcha
 20797 | Orc:2    | HP: 6/129 [orc knight/+0 long sword (10)]
 20798 | Orc:2    | Lost mutation: Your body sometimes deteriorates upon taking
                  | damage. [potion of mutation]
 20798 | Orc:2    | Lost mutation: Your muscles are strong. (Str +2) [potion of
                  | mutation]
 20798 | Orc:2    | Gained mutation: Armour fits poorly on your strangely
                  | shaped body. [potion of mutation]
 20798 | Orc:2    | Gained mutation: You are robust. (+10% HP) [potion of
                  | mutation]
 20802 | Orc:2    | HP: 7/141 [sun demon[an orc high priest] (2)]
 20802 | Orc:2    | HP: 1/141 [sun demon[an orc high priest] (6)]
 20803 | Orc:2    | Killed from afar by an orc sorcerer

Illustrated notes

Levels and vault maps discovered:
D:1:      lemuel_arrival_broad_hall, layout_basic
D:2:      kennysheep_the_goblin_king, layout_rooms
D:3:      layout_basic, lemuel_coloured_pillars_altar, minitemple
D:4:      layout_basic, nicolae_qazlal_general_emergency,
          gammafunk_ghost_stat_death, serial_shops, shop_fountains, shop
D:5:      layout_loops_ring, nicolae_ru_awakened_eye, kennysheep_mini,
          first_ration, ebering_ghost_disaster_area, serial_shops,
          nicolae_shop_window_shopping, nicolae_ashenzari_panopticon
D:6:      layout_loops_ring, minmay_temple_entry_sparse_star, serial_shops,
          kennysheep_mini_moat, roderic_batcave, kennysheep_generic_room_3,
          uniq_eustachio
D:7:      layout_loops_ring, overflow_temple_1_default, serial_shops, shop,
          gammafunk_ghost_mausoleum, uniq_crazy_yiuf_cottage
D:8:      layout_loops_corners, kennysheep_little_box, special_room
          [special_room_orc]
D:9:      layout_big_octagon, grunt_pizzeria, okawaru_humans
D:10:     layout_roguey, minmay_lair_entry_grove
D:11:     layout_grid_maze, orc_0_dummy, serial_shops, statue_bzr,
          nicolae_shop_overgrown_old_shop, basic_altar
D:12:     layout_long_grid, gammafunk_ghost_stat_death,
          nemelex_xobeh_ov_fountains_minmay
D:13:     layout_layer_cave, lightli_vaults_fourway_checkpoint, serial_shops,
          nicolae_shop_overgrown_old_shop, shop_statue, shop,
          nicolae_shop_temple_entry_statues_fountains, shop_coins, uniq_rupert
D:14:     layout_irregular_city, hangedman_decor_lopped, lemuel_blue_sif_altar,
          uniq_nessos, uniq_frances, uniq_snorg
D:15:     grunt_enter_depths_snipers, layout_rooms, basic_altar
Temple:   zaba_magenta_temple
Orc:1:    layout_caves, basic_altar, serial_shops, shop_fountains,
          nicolae_orc_rockfall, bloody_makhleb
Orc:2:    st_orc_elflike, layout_caves, enter_volcano_3, uniq_erolcha

Skill      XL: |  1  2  3  4  5  6  7  8  9 10 11 12 13 14 |
---------------+-------------------------------------------+-----
Dodging        | 4 5 6 7 8 10 11 12 13 14 | 14.0
Long Blades    | 4 5 7 8 9 |  9.9
Fighting       | 3 4 5 7 8 10 11 12 13 | 13.5
Armour         | 1 2 3 4 5 7 9 10 12 | 12.9
Short Blades   | 1 2 |  2.1
Stealth        | 1 2 |  2.7
Maces & Flails | 2 7 9 11 13 14 | 14.5
Throwing       | 4 5 6 |  6.7

Action                   |  1- 3 |  4- 6 |  7- 9 | 10-12 | 13-15 || total
-------------------------+-------+-------+-------+-------+-------++-------
Melee: Long sword        |    44 |    57 |   110 |     1 |       ||   212
       Headbutt          |     6 |    27 |    47 |   151 |   159 ||   390
       Dagger            |       |    87 |       |       |       ||    87
       Whip              |       |       |   190 |   455 |   330 ||   975
       Dire flail        |       |       |       |    94 |   118 ||   212
       Great sword       |       |       |       |       |    24 ||    24
       Scimitar          |       |       |       |       |     7 ||     7
Throw: Dart              |       |       |    18 |       |       ||    18
       Throwing net      |       |       |     3 |       |       ||     3
       Boomerang         |       |       |       |    14 |    45 ||    59
       Javelin           |       |       |       |       |     6 ||     6
Evoke: Box of beasts     |       |       |       |       |     3 ||     3
  Use: Scroll            |     5 |     7 |     9 |     1 |     3 ||    25
       Potion            |       |     1 |     2 |     4 |    13 ||    20
 Stab: Sleeping          |       |       |     3 |       |       ||     3
       Distracted        |       |       |       |     6 |     3 ||     9
       Invisible         |       |       |       |     1 |       ||     1
  Eat: Chunk             |     1 |     8 |     7 |       |       ||    16
       Ration            |       |       |     4 |     4 |     8 ||    16
Armor: Leather armour    |     8 |    25 |    38 |       |       ||    71
       Skin              |       |       |    59 |       |       ||    59
       Ring mail         |       |       |     2 |    82 |       ||    84
       Plate armour      |       |       |       |   125 |    48 ||   173
       Scale mail        |       |       |       |       |   131 ||   131
Dodge: Dodged            |    38 |    82 |   164 |   306 |   341 ||   931
Block: Other             |       |       |       |       |    87 ||    87
       Reflection        |       |       |       |       |     4 ||     4
       Rpst.: Long sword |     8 |     9 |    21 |       |       ||    38
       Scimitar          |       |       |       |       |     3 ||     3
       Great sword       |       |       |       |       |     9 ||     9
